AoeStats
← 夯賣電玩GTA5

Nomad

509394188Analyzed
2v2 RM · 6d ago on Sep 26, 2026· 35m 25s· 4 players
Game mode
Random Map
Map size
176×176
Population
200
Speed
Normal
Resources
Standard
Victory
Conquest
Starting age
Dark Age
Ending age
Imperial Age
RankedLock teamsTeams togetherTeam positionsShared explorationLock speedFull tech treeHidden civsTurbo modeCheats
Victory
Defeat
🇩🇪 Khmer · Germany
863
+15
🇩🇪 Koreans · Germany
863
+15
🇹🇼 Malay · Taiwan
936
-57
🇪🇸 Slavs · Spain
752
-11
夯賣電玩GTA5
14:41 Feudal Age
18:00 Wheelbarrow
17:49 Fishing Lines
27:35 Man-at-Arms
darkill
15:48 Feudal Age
30:25 Castle Age
pollo salvaje
4:18 Loom
13:44 Feudal Age
24:25 Castle Age
29:26 Double-Bit Axe
29:40 Horse Collar
31:39 Scale Barding Armor
31:45 Forging
31:38 Husbandry
34:45 Tusk Swords
jaki chan chito
10:21 Loom
12:40 Feudal Age
13:35 Double-Bit Axe
14:35 Man-at-Arms
19:42 Arson
20:17 Fletching
20:28 Scale Mail Armor
20:39 Forging
27:11 Castle Age
27:14 Wheelbarrow
27:14 Crossbowman
27:51 Bodkin Arrow
29:51 Bow Saw
29:46 Squires
32:07 Horse Collar
34:39 Hand Cart
Connection lost

Rejoining the realm…

Still unreachable

The connection could not be restored.

Session expired

The server has moved on; the page needs a fresh start.